[ AOE2 MATCH · #505900005 ]
UnrankedWei vs Persians
Player's team · WIN
Rival team · LOSS
[ REPLAY ANALYSIS · EXTRACTED FROM THE RECORDED GAME ]
Feudal
9:16
Castle
23:09
Imperial
—
| APM avg | 51.9 |
| APM peak | 81 |
| eAPM avg | 28.6 |
| Villagers / military | 139 / 44 |
Focus
⚔️ 40.1% · 🌾 59.9%
Archer ×37 · Unknown (1952) ×12 · Unknown (1949) ×5 · Mangonel ×3 · Monk ×2 · Spearman ×2
Feudal
8:50
Castle
27:07
Imperial
—
| APM avg | 79.2 |
| APM peak | 113 |
| eAPM avg | 31.7 |
| Villagers / military | 96 / 46 |
Focus
⚔️ 40.8% · 🌾 59.2%
Cavalry Archer ×19 · Scout Cavalry ×14 · Battering Ram ×6 · Militia ×4 · Petard ×1 · Mangonel ×1
Match map
Initial resources + every placement click. Lines = walls · curves = elevation contours. ◆ gold · ⬟ stone · ● berries · ✦ relic · ◌ wall gap
Your base· Open — opponent sealed themselves in
周瑜偷豬周圍偷's base· ✓ Closed at 27:07 · 71t walls · 1 gate(s)
Smoothed initial terrain · ◌ = detected wall gap · hover for details
Inputs per minute
— [DDocs] Dr.Rollstuhl - Twitch - - 周瑜偷豬周圍偷
Build order — [DDocs] Dr.Rollstuhl - Twitch
First 150 of 317 actions detected
| 0:01 | Queue | Villager (Male) |
| 0:01 | Queue | Villager (Male) |
| 0:01 | Queue | Villager (Male) |
| 0:03 | Build | House |
| 0:05 | Build | House |
| 0:10 | Queue | Villager (Male) |
| 0:10 | Queue | Villager (Male) |
| 1:23 | Queue | Villager (Male) |
| 1:23 | Queue | Villager (Male) |
| 1:24 | Queue | Villager (Male) |
| 1:55 | Build | Lumber Camp |
| 2:01 | Queue | Villager (Male) |
| 2:01 | Queue | Villager (Male) |
| 2:14 | Queue | Villager (Male) |
| 2:15 | Queue | Villager (Male) |
| 2:44 | Queue | Villager (Male) |
| 2:44 | Queue | Villager (Male) |
| 2:55 | Queue | Villager (Male) |
| 3:35 | Queue | Villager (Male) |
| 3:35 | Queue | Villager (Male) |
| 3:53 | Build | House |
| 4:01 | Queue | Villager (Male) |
| 4:01 | Queue | Villager (Male) |
| 4:33 | Queue | Villager (Male) |
| 4:33 | Queue | Villager (Male) |
| 5:00 | Queue | Villager (Male) |
| 5:01 | Queue | Villager (Male) |
| 5:04 | Queue | Villager (Male) |
| 5:04 | Queue | Villager (Male) |
| 5:12 | Queue | Villager (Male) |
| 5:12 | Queue | Villager (Male) |
| 5:31 | Queue | Villager (Male) |
| 5:33 | Build | Mill |
| 5:36 | Build | House |
| 6:02 | Build | House |
| 6:35 | Research | Loom |
| 7:00 | Research | Feudal Age |
| 7:19 | Build | Palisade Wall |
| 7:26 | Build | Palisade Wall |
| 7:27 | Build | Palisade Wall |
| 8:04 | Build | Mining Camp |
| 8:39 | Queue | Villager (Male) |
| 8:52 | Build | Palisade Wall |
| 8:53 | Build | Palisade Wall |
| 9:14 | Build | Palisade Wall |
| 9:14 | Build | Palisade Wall |
| 9:15 | Build | Palisade Wall |
| 9:16 | Build | Palisade Wall |
| 9:16 | Age | Feudal Age |
| 9:19 | Queue | Villager (Male) |
| 9:20 | Research | Double-Bit Axe |
| 9:21 | Research | Double-Bit Axe |
| 9:23 | Build | House |
| 9:25 | Build | House |
| 9:30 | Research | Horse Collar |
| 9:30 | Research | Horse Collar |
| 9:49 | Queue | Villager (Male) |
| 9:58 | Queue | Villager (Male) |
| 10:00 | Build | House |
| 10:09 | Build | Lumber Camp |
| 10:11 | Queue | Villager (Male) |
| 10:29 | Queue | Villager (Male) |
| 10:54 | Queue | Villager (Male) |
| 11:04 | Build | House |
| 11:10 | Build | Palisade Wall |
| 11:11 | Build | Palisade Wall |
| 11:11 | Build | Palisade Wall |
| 11:20 | Build | Palisade Wall |
| 11:21 | Build | Stone Wall |
| 11:21 | Build | Stone Wall |
| 11:43 | Build | Watch Tower |
| 11:44 | Queue | Villager (Male) |
| 11:50 | Build | Barracks |
| 11:56 | Build | House |
| 11:58 | Build | House |
| 12:01 | Build | House |
| 12:03 | Build | House |
| 12:08 | Build | Blacksmith |
| 12:09 | Queue | Villager (Male) |
| 12:13 | Queue | Villager (Male) |
| 12:16 | Build | Farm |
| 12:26 | Queue | Villager (Male) |
| 12:52 | Queue | Villager (Male) |
| 12:58 | Research | Fletching |
| 13:00 | Build | Archery Range |
| 13:07 | Build | Archery Range |
| 13:10 | Queue | Villager (Male) |
| 13:25 | Build | Farm |
| 13:30 | Queue | Villager (Male) |
| 13:31 | Queue | Villager (Male) |
| 13:40 | Queue | Spearman |
| 13:45 | Build | Farm |
| 13:45 | Queue | Villager (Male) |
| 13:56 | Build | Farm |
| 14:00 | Queue | Villager (Male) |
| 14:00 | Queue | Villager (Male) |
| 14:00 | Queue | Villager (Male) |
| 14:05 | Research | Wheelbarrow |
| 14:06 | Queue | Villager (Male) |
| 14:10 | Build | Mining Camp |
| 14:17 | Queue | Villager (Male) |
| 14:17 | Queue | Villager (Male) |
| 14:18 | Queue | Villager (Male) |
| 14:18 | Queue | Villager (Male) |
| 14:28 | Build | Lumber Camp |
| 14:47 | Build | Farm |
| 15:37 | Queue | Villager (Male) |
| 15:43 | Queue | Archer |
| 15:43 | Queue | Archer |
| 15:51 | Queue | Villager (Male) |
| 15:52 | Queue | Villager (Male) |
| 15:52 | Queue | Villager (Male) |
| 16:01 | Queue | Villager (Male) |
| 16:02 | Queue | Villager (Male) |
| 16:02 | Queue | Villager (Male) |
| 16:02 | Queue | Villager (Male) |
| 16:03 | Queue | Villager (Male) |
| 16:03 | Queue | Villager (Male) |
| 16:08 | Build | Farm |
| 16:13 | Build | Farm |
| 16:24 | Build | House |
| 16:29 | Build | House |
| 16:38 | Queue | Archer |
| 16:38 | Queue | Archer |
| 17:05 | Queue | Villager (Male) |
| 17:05 | Queue | Villager (Male) |
| 17:05 | Queue | Villager (Male) |
| 17:05 | Queue | Villager (Male) |
| 17:14 | Queue | Archer |
| 17:20 | Queue | Villager (Male) |
| 17:20 | Queue | Villager (Male) |
| 17:34 | Build | Market |
| 17:36 | Build | Lumber Camp |
| 17:53 | Build | House |
| 17:59 | Queue | Archer |
| 18:02 | Queue | Archer |
| 18:02 | Queue | Archer |
| 18:35 | Queue | Archer |
| 18:35 | Queue | Archer |
| 18:36 | Queue | Archer |
| 18:41 | Build | Lumber Camp |
| 18:44 | Build | Mining Camp |
| 18:52 | Queue | Archer |
| 18:52 | Queue | Villager (Male) |
| 19:09 | Queue | Archer |
| 19:14 | Build | Outpost |
| 19:14 | Queue | Villager (Male) |
| 19:18 | Build | Outpost |
| 19:23 | Queue | Archer |
| 19:27 | Build | Farm |
Build order — 周瑜偷豬周圍偷
First 150 of 301 actions detected
| 0:01 | Queue | Villager (Male) |
| 0:01 | Queue | Villager (Male) |
| 0:01 | Queue | Villager (Male) |
| 0:02 | Queue | Villager (Male) |
| 0:02 | Queue | Villager (Male) |
| 0:03 | Build | House |
| 0:04 | Build | House |
| 1:24 | Queue | Villager (Male) |
| 2:05 | Queue | Villager (Male) |
| 2:05 | Queue | Villager (Male) |
| 2:25 | Queue | Villager (Male) |
| 2:39 | Queue | Villager (Male) |
| 2:50 | Build | Lumber Camp |
| 3:02 | Queue | Villager (Male) |
| 3:34 | Queue | Villager (Male) |
| 3:39 | Build | House |
| 4:22 | Queue | Villager (Male) |
| 4:29 | Queue | Villager (Male) |
| 4:44 | Queue | Villager (Male) |
| 4:56 | Queue | Villager (Male) |
| 5:01 | Queue | Villager (Male) |
| 5:07 | Queue | Villager (Male) |
| 5:15 | Build | Barracks |
| 5:24 | Queue | Villager (Male) |
| 5:38 | Build | House |
| 5:43 | Queue | Villager (Male) |
| 5:47 | Queue | Villager (Male) |
| 6:11 | Build | House |
| 6:18 | Research | Loom |
| 6:39 | Research | Feudal Age |
| 6:39 | Research | Feudal Age |
| 7:07 | Queue | Militia |
| 7:31 | Queue | Militia |
| 7:31 | Queue | Militia |
| 7:44 | Build | Mining Camp |
| 7:54 | Build | Palisade Wall |
| 7:56 | Queue | Militia |
| 8:08 | Build | Palisade Wall |
| 8:29 | Queue | Villager (Male) |
| 8:37 | Queue | Villager (Male) |
| 8:50 | Age | Feudal Age |
| 9:00 | Research | Man-at-Arms (upgrade) |
| 9:00 | Research | Man-at-Arms (upgrade) |
| 9:08 | Build | Watch Tower |
| 9:20 | Build | Mill |
| 9:28 | Build | Palisade Wall |
| 9:29 | Queue | Villager (Male) |
| 9:53 | Build | Farm |
| 10:03 | Queue | Villager (Male) |
| 10:03 | Queue | Villager (Male) |
| 10:17 | Build | Palisade Wall |
| 10:18 | Build | Palisade Wall |
| 10:19 | Build | Palisade Wall |
| 10:23 | Build | Farm |
| 10:35 | Build | Palisade Wall |
| 10:36 | Build | Palisade Wall |
| 10:39 | Build | Palisade Wall |
| 10:47 | Queue | Villager (Male) |
| 10:48 | Queue | Villager (Male) |
| 11:00 | Build | Palisade Wall |
| 11:04 | Queue | Villager (Male) |
| 11:23 | Build | Watch Tower |
| 11:30 | Queue | Villager (Male) |
| 11:30 | Queue | Villager (Male) |
| 11:48 | Build | House |
| 11:50 | Build | Palisade Wall |
| 11:50 | Build | Palisade Wall |
| 11:51 | Build | Palisade Wall |
| 11:56 | Build | Farm |
| 12:01 | Queue | Villager (Male) |
| 12:10 | Research | Town Watch |
| 12:10 | Research | Town Watch |
| 12:18 | Queue | Villager (Male) |
| 12:21 | Build | Farm |
| 12:48 | Queue | Villager (Male) |
| 12:54 | Build | Stone Wall |
| 12:55 | Build | Stone Wall |
| 12:55 | Build | Stone Wall |
| 12:56 | Build | Stone Wall |
| 12:56 | Build | Stone Wall |
| 12:57 | Build | Stone Wall |
| 12:57 | Build | Stone Wall |
| 12:59 | Queue | Villager (Male) |
| 13:03 | Build | Farm |
| 13:07 | Build | House |
| 13:14 | Build | Farm |
| 13:50 | Queue | Villager (Male) |
| 13:51 | Queue | Villager (Male) |
| 13:54 | Build | Watch Tower |
| 14:00 | Queue | Villager (Male) |
| 14:02 | Build | Farm |
| 14:10 | Queue | Villager (Male) |
| 14:17 | Queue | Villager (Male) |
| 14:22 | Build | House |
| 14:24 | Build | Palisade Wall |
| 14:29 | Build | Watch Tower |
| 14:46 | Queue | Villager (Male) |
| 14:48 | Queue | Villager (Male) |
| 14:53 | Build | Palisade Wall |
| 15:03 | Build | House |
| 15:08 | Build | Palisade Wall |
| 15:10 | Build | Palisade Wall |
| 15:11 | Build | Palisade Wall |
| 15:14 | Queue | Villager (Male) |
| 15:20 | Queue | Villager (Male) |
| 15:26 | Queue | Villager (Male) |
| 15:40 | Queue | Villager (Male) |
| 15:48 | Queue | Villager (Male) |
| 15:55 | Build | Stable |
| 15:57 | Queue | Villager (Male) |
| 16:00 | Build | Farm |
| 16:02 | Build | Farm |
| 16:06 | Research | Horse Collar |
| 16:07 | Research | Horse Collar |
| 16:08 | Queue | Villager (Male) |
| 16:12 | Queue | Villager (Male) |
| 16:20 | Queue | Villager (Male) |
| 16:24 | Build | Watch Tower |
| 16:29 | Queue | Villager (Male) |
| 16:37 | Build | Palisade Wall |
| 16:42 | Build | House |
| 16:43 | Queue | Villager (Male) |
| 16:52 | Queue | Scout Cavalry |
| 16:59 | Build | House |
| 17:02 | Queue | Villager (Male) |
| 17:10 | Build | Farm |
| 17:11 | Build | Farm |
| 17:15 | Queue | Scout Cavalry |
| 17:19 | Queue | Scout Cavalry |
| 17:23 | Build | Farm |
| 17:31 | Build | Watch Tower |
| 17:45 | Build | Farm |
| 17:53 | Build | House |
| 17:56 | Build | House |
| 17:58 | Build | Stone Wall |
| 18:02 | Queue | Scout Cavalry |
| 18:03 | Queue | Villager (Male) |
| 18:24 | Build | Blacksmith |
| 18:40 | Queue | Scout Cavalry |
| 18:40 | Queue | Villager (Male) |
| 18:43 | Queue | Scout Cavalry |
| 18:54 | Queue | Scout Cavalry |
| 19:05 | Build | House |
| 19:08 | Build | Farm |
| 19:10 | Build | Farm |
| 19:11 | Build | Farm |
| 19:13 | Queue | Villager (Male) |
| 19:16 | Research | Scale Barding Armor |
| 19:16 | Research | Scale Barding Armor |
| 19:22 | Build | House |
Match timeline
| 5:15 | 周瑜偷豬周圍偷 · first_building Barracks |
| 7:19 | [DDocs] Dr.Rollstuhl - Twitch · wall_segment Palisade Wall x10 |
| 7:26 | [DDocs] Dr.Rollstuhl - Twitch · wall_segment Palisade Wall x6 |
| 7:27 | [DDocs] Dr.Rollstuhl - Twitch · wall_segment Palisade Wall x1 |
| 7:54 | 周瑜偷豬周圍偷 · wall_segment Palisade Wall x7 |
| 8:08 | 周瑜偷豬周圍偷 · wall_segment Palisade Wall x4 |
| 8:50 | 周瑜偷豬周圍偷 · age_up feudal |
| 8:52 | [DDocs] Dr.Rollstuhl - Twitch · wall_segment Palisade Wall x1 |
| 8:53 | [DDocs] Dr.Rollstuhl - Twitch · wall_segment Palisade Wall x1 |
| 9:14 | [DDocs] Dr.Rollstuhl - Twitch · wall_segment Palisade Wall x1 |
| 9:14 | [DDocs] Dr.Rollstuhl - Twitch · wall_segment Palisade Wall x1 |
| 9:15 | [DDocs] Dr.Rollstuhl - Twitch · wall_segment Palisade Wall x1 |
| 9:16 | [DDocs] Dr.Rollstuhl - Twitch · wall_segment Palisade Wall x1 |
| 9:16 | [DDocs] Dr.Rollstuhl - Twitch · age_up feudal |
| 9:28 | 周瑜偷豬周圍偷 · wall_segment Palisade Wall x7 |
| 10:17 | 周瑜偷豬周圍偷 · wall_segment Palisade Wall x1 |
| 10:18 | 周瑜偷豬周圍偷 · wall_segment Palisade Wall x3 |
| 10:19 | 周瑜偷豬周圍偷 · wall_segment Palisade Wall x1 |
| 10:35 | 周瑜偷豬周圍偷 · wall_segment Palisade Wall x2 |
| 10:36 | 周瑜偷豬周圍偷 · wall_segment Palisade Wall x3 |
| 10:39 | 周瑜偷豬周圍偷 · wall_segment Palisade Wall x7 |
| 11:00 | 周瑜偷豬周圍偷 · wall_segment Palisade Wall x6 |
| 11:10 | [DDocs] Dr.Rollstuhl - Twitch · wall_segment Palisade Wall x1 |
| 11:11 | [DDocs] Dr.Rollstuhl - Twitch · wall_segment Palisade Wall x1 |
| 11:11 | [DDocs] Dr.Rollstuhl - Twitch · wall_segment Palisade Wall x1 |
| 11:20 | [DDocs] Dr.Rollstuhl - Twitch · wall_segment Palisade Wall x1 |
| 11:21 | [DDocs] Dr.Rollstuhl - Twitch · wall_segment Stone Wall x1 |
| 11:21 | [DDocs] Dr.Rollstuhl - Twitch · wall_segment Stone Wall x1 |
| 11:50 | [DDocs] Dr.Rollstuhl - Twitch · first_building Barracks |
| 11:50 | 周瑜偷豬周圍偷 · wall_segment Palisade Wall x3 |
| 11:50 | 周瑜偷豬周圍偷 · wall_segment Palisade Wall x3 |
| 11:51 | 周瑜偷豬周圍偷 · wall_segment Palisade Wall x2 |
| 12:54 | 周瑜偷豬周圍偷 · wall_segment Stone Wall x2 |
| 12:55 | 周瑜偷豬周圍偷 · wall_segment Stone Wall x1 |
| 12:55 | 周瑜偷豬周圍偷 · wall_segment Stone Wall x1 |
| 12:56 | 周瑜偷豬周圍偷 · wall_segment Stone Wall x1 |
| 12:56 | 周瑜偷豬周圍偷 · wall_segment Stone Wall x1 |
| 12:57 | 周瑜偷豬周圍偷 · wall_segment Stone Wall x1 |
| 12:57 | 周瑜偷豬周圍偷 · wall_segment Stone Wall x1 |
| 13:00 | [DDocs] Dr.Rollstuhl - Twitch · first_building Archery Range |
| 14:24 | 周瑜偷豬周圍偷 · wall_segment Palisade Wall x1 |
| 14:53 | 周瑜偷豬周圍偷 · wall_segment Palisade Wall x1 |
| 15:08 | 周瑜偷豬周圍偷 · wall_segment Palisade Wall x1 |
| 15:10 | 周瑜偷豬周圍偷 · wall_segment Palisade Wall x1 |
| 15:11 | 周瑜偷豬周圍偷 · wall_segment Palisade Wall x1 |
| 15:55 | 周瑜偷豬周圍偷 · first_building Stable |
| 16:37 | 周瑜偷豬周圍偷 · wall_segment Palisade Wall x1 |
| 17:58 | 周瑜偷豬周圍偷 · wall_segment Stone Wall x1 |
| 19:43 | [DDocs] Dr.Rollstuhl - Twitch · first_market_sell 100 wood |
| 19:44 | [DDocs] Dr.Rollstuhl - Twitch · first_market_buy 100 food |
| 23:09 | [DDocs] Dr.Rollstuhl - Twitch · age_up castle |
| 23:27 | 周瑜偷豬周圍偷 · wall_segment Stone Wall x4 |
| 23:29 | 周瑜偷豬周圍偷 · wall_segment Stone Wall x6 |
| 23:34 | 周瑜偷豬周圍偷 · wall_segment Stone Wall x8 |
| 23:41 | 周瑜偷豬周圍偷 · wall_segment Stone Wall x7 |
| 24:18 | [DDocs] Dr.Rollstuhl - Twitch · first_building Castle |
| 25:10 | 周瑜偷豬周圍偷 · wall_segment Stone Wall x1 |
| 25:28 | 周瑜偷豬周圍偷 · first_building Archery Range |
| 27:07 | 周瑜偷豬周圍偷 · age_up castle |
| 28:57 | 周瑜偷豬周圍偷 · first_building Castle |
| 29:09 | 周瑜偷豬周圍偷 · first_building Siege Workshop |
| 31:55 | [DDocs] Dr.Rollstuhl - Twitch · first_building Siege Workshop |
| 32:21 | [DDocs] Dr.Rollstuhl - Twitch · first_building Monastery |
| 34:08 | 周瑜偷豬周圍偷 · first_market_sell 100 wood |
| 34:59 | 周瑜偷豬周圍偷 · resign |
[ AI ANALYSIS · 1 CREDIT ]
What really happened in this match?
Wolo.gg analyzes every decision: build order, eco, micro, common mistakes by bracket. Personalized analysis on WhatsApp or Discord in 30 seconds.
Civ guide
Wei
Perfil
[DDocs] Dr.Rollstuhl - Twitch